MWL (24 & UNDER)
BARRY'S BAY ORIOLES @ MINNESOTA DEATH STARS
09/17/2024
 
TOP OF THE 1ST
Barry's Bay Orioles batting - Pitching for Minnesota Death Stars : RHP Ángel Uribe
Pitching: RHP Ángel Uribe
Batting: LHB Javier Orozco 0-0: Fly out, F8 (Flyball, 8RS)
Batting: RHB Juan Méndez 0-0: Called Strike
0-1: Ball
1-1: Swinging Strike
1-2: Strikes out swinging
Batting: RHB Shaun Puckett 0-0: Called Strike
0-1: Swinging Strike
0-2: Ground out 5-3 (Groundball, 56)
Top of the 1st over - 0 run(s), 0 hit(s), 0 error(s), 0 left on base; Barry's Bay 0 - Minnesota 0
BOTTOM OF THE 1ST
Minnesota Death Stars batting - Pitching for Barry's Bay Orioles : RHP John Wells
Pitching: RHP John Wells
Batting: RHB José Pérez 0-0: Ball
1-0: Swinging Strike
1-1: Swinging Strike
1-2: Ball
2-2: Strikes out swinging
Batting: RHB Peter Dixon 0-0: Ball
1-0: Ball
2-0: Ball
3-0: Called Strike
3-1: Base on Balls
Batting: LHB Chris Loudermilk 0-0: Ball
1-0: Ball
2-0: Foul Ball, location: 2F
2-1: Swinging Strike
2-2: Ground out 5-3 (Groundball, 56S)
Peter Dixon to second
Batting: RHB Herb Ashley 0-0: Ball
1-0: Called Strike
1-1: Called Strike
1-2: Ball
2-2: Ball
3-2: Foul Ball, location: 2F
3-2: Base on Balls
Batting: RHB Jorge Martínez 0-0: Swinging Strike
0-1: Fielders Choice at 2nd, U6 (Groundball, 6M)
Bottom of the 1st over - 0 run(s), 0 hit(s), 0 error(s), 2 left on base; Barry's Bay 0 - Minnesota 0
TOP OF THE 2ND
Barry's Bay Orioles batting - Pitching for Minnesota Death Stars : RHP Ángel Uribe
Batting: RHB Pedro Molina 0-0: Ball
1-0: Ground out 4-3 (Groundball, 4M)
Batting: RHB Tom Hughes 0-0: Called Strike
0-1: Ground out 6-3 (Groundball, 6)
Batting: SHB Walt Simmons 0-0: Ball
1-0: Called Strike
1-1: Ball
2-1: Called Strike
2-2: Ball
3-2: Base on Balls
Batting: LHB Carlos Romero 0-0: Ball
1-0: Ball
2-0: Ball
3-0: Base on Balls
Walt Simmons to second
Batting: LHB Juan Romero 0-0: Ball
1-0: Fly out, F7 (Flyball, 7M)
Top of the 2nd over - 0 run(s), 0 hit(s), 0 error(s), 2 left on base; Barry's Bay 0 - Minnesota 0
BOTTOM OF THE 2ND
Minnesota Death Stars batting - Pitching for Barry's Bay Orioles : RHP John Wells
Batting: LHB Sixto Cortés 0-0: SINGLE (Flyball, 89S)
Batting: LHB Lucas Coleman 0-0: Swinging Strike
0-1: Ball
1-1: Ball
2-1: Foul Ball, location: 2F
2-2: Foul Ball, location: 2F
2-2: Strikes out swinging
Batting: RHB Leslie Penn 0-0: Ball
1-0: Foul Ball, location: 2F
1-1: Ball
2-1: Foul Ball, location: 2F
2-2: Ground out 5-3 (Groundball, 5S)
Sixto Cortés to second
Batting: RHB John Brown 0-0: Ball
1-0: Fly out, F7 (Flyball, 7LM)
Bottom of the 2nd over - 0 run(s), 1 hit(s), 0 error(s), 1 left on base; Barry's Bay 0 - Minnesota 0
TOP OF THE 3RD
Barry's Bay Orioles batting - Pitching for Minnesota Death Stars : RHP Ángel Uribe
Batting: LHB John White 0-0: Ground out 6-3 (Groundball, 6MS)
Batting: LHB Javier Orozco 0-0: Swinging Strike
0-1: Ball
1-1: Foul Ball, location: 2F
1-2: SINGLE (Popup, 56D)
Batting: RHB Juan Méndez 0-0: Ball
1-0: Foul Ball, location: 2F
1-1: Called Strike
1-2: Strikes out looking
Batting: RHB Shaun Puckett 0-0: Ball
1-0: Foul Ball, location: 2F
1-1: Ball
2-1: Ground out U3 (Groundball, 3)
Top of the 3rd over - 0 run(s), 1 hit(s), 0 error(s), 1 left on base; Barry's Bay 0 - Minnesota 0
BOTTOM OF THE 3RD
Minnesota Death Stars batting - Pitching for Barry's Bay Orioles : RHP John Wells
Batting: RHB José Pérez 0-0: Ball
1-0: Ball
2-0: Called Strike
2-1: Swinging Strike
2-2: Strikes out swinging
Batting: RHB Peter Dixon 0-0: Called Strike
0-1: Ball
1-1: Called Strike
1-2: SINGLE (Line Drive, 7LS)
Batting: LHB Chris Loudermilk 0-0: Ball
1-0: Swinging Strike
1-1: Foul Ball, location: 2F
1-2: Strikes out swinging
Batting: RHB Herb Ashley 0-0: Fly out, F7 (Line Drive, 7M)
Bottom of the 3rd over - 0 run(s), 1 hit(s), 0 error(s), 1 left on base; Barry's Bay 0 - Minnesota 0
TOP OF THE 4TH
Barry's Bay Orioles batting - Pitching for Minnesota Death Stars : RHP Ángel Uribe
Batting: RHB Pedro Molina 0-0: Called Strike
0-1: DOUBLE (Flyball, 8RS)
Batting: RHB Tom Hughes 0-0: Fly out, F8 (Flyball, 8LM)
Batting: SHB Walt Simmons 0-0: Foul Ball, location: 2F
0-1: Swinging Strike
0-2: Strikes out looking
Batting: LHB Carlos Romero 0-0: Ball
1-0: Called Strike
1-1: SINGLE (Line Drive, 3D)
Pedro Molina to third
Batting: LHB Juan Romero 0-0: Called Strike
0-1: Foul Ball, location: 2F
0-2: Ball
1-2: Strikes out swinging
Top of the 4th over - 0 run(s), 2 hit(s), 0 error(s), 2 left on base; Barry's Bay 0 - Minnesota 0
BOTTOM OF THE 4TH
Minnesota Death Stars batting - Pitching for Barry's Bay Orioles : RHP John Wells
Batting: RHB Jorge Martínez 0-0: Foul Ball, location: 2F
0-1: Foul Ball, location: 2F
0-2: Strikes out swinging
Batting: LHB Sixto Cortés 0-0: Ball
1-0: Ball
2-0: DOUBLE (Flyball, 9LM)
Batting: LHB Lucas Coleman 0-0: Ball
1-0: Called Strike
1-1: Ball
2-1: SINGLE (Line Drive, 34D)
Sixto Cortés to third
Batting: RHB Leslie Penn 0-0: Ball
Lucas Coleman steals 2nd base
1-0: Foul Ball, location: 2F
1-1: Called Strike
1-2: Fly out, F9 (Flyball, 89M)
Runner from 3rd tags up, SCORES, throw made
Batting: RHB John Brown 0-0: Ball
1-0: Ball
2-0: Ball
3-0: Called Strike
3-1: Foul Ball, location: 2F
3-2: DOUBLE (Flyball, 7LM)
Lucas Coleman scores
Batting: RHB José Pérez 0-0: Called Strike
0-1: Ball
1-1: Called Strike
1-2: Ball
2-2: Ground out 5-3 (Groundball, 5L)
Bottom of the 4th over - 2 run(s), 3 hit(s), 0 error(s), 1 left on base; Barry's Bay 0 - Minnesota 2
TOP OF THE 5TH
Barry's Bay Orioles batting - Pitching for Minnesota Death Stars : RHP Ángel Uribe
Batting: LHB John White 0-0: SINGLE (Line Drive, 8LS)
Batting: LHB Javier Orozco 0-0: Fly out, F8 (Flyball, 8RXD)
Batting: RHB Juan Méndez 0-0: Ball
1-0: Fly out, F2 (Popup, 25F)
Batting: RHB Shaun Puckett 0-0: Ball
1-0: Ball
2-0: Ball
3-0: Base on Balls
John White to second
Batting: RHB Pedro Molina 0-0: Swinging Strike
0-1: Swinging Strike
0-2: Ball
1-2: Ball
2-2: Strikes out looking
Top of the 5th over - 0 run(s), 1 hit(s), 0 error(s), 2 left on base; Barry's Bay 0 - Minnesota 2
BOTTOM OF THE 5TH
Minnesota Death Stars batting - Pitching for Barry's Bay Orioles : RHP John Wells
Batting: RHB Peter Dixon 0-0: Called Strike
0-1: Bunt for hit - play at first, batter OUT! 1-3
Batting: LHB Chris Loudermilk 0-0: Ball
1-0: Ball
2-0: Ball
3-0: Base on Balls
Batting: RHB Herb Ashley 0-0: Swinging Strike
0-1: Ball
1-1: Ball
2-1: Called Strike
2-2: Ball
Chris Loudermilk steals 2nd base
3-2: Base on Balls
Pitching: RHP Ben Hepworth
Batting: RHB Jorge Martínez 0-0: Called Strike
0-1: SINGLE (Line Drive, 9LS)
Chris Loudermilk to third
Herb Ashley to second
Batting: LHB Sixto Cortés 0-0: Called Strike
0-1: Foul Ball, location: 2F
0-2: Ball
1-2: Ball
2-2: Strikes out swinging
Batting: LHB Lucas Coleman 0-0: Called Strike
0-1: Foul Ball, location: 2F
0-2: Ball
1-2: Ball
2-2: Ball
3-2: Base on Balls
Chris Loudermilk scores
Herb Ashley to third
Jorge Martínez to second
Batting: RHB Leslie Penn 0-0: Fly out, F9 (Line Drive, 9M)
Bottom of the 5th over - 1 run(s), 1 hit(s), 0 error(s), 3 left on base; Barry's Bay 0 - Minnesota 3
TOP OF THE 6TH
Barry's Bay Orioles batting - Pitching for Minnesota Death Stars : RHP Ángel Uribe
Batting: RHB Tom Hughes 0-0: Ball
1-0: Ball
2-0: Foul Ball, location: 2F
2-1: Swinging Strike
2-2: Ball
3-2: Base on Balls
Batting: SHB Walt Simmons 0-0: Called Strike
0-1: Swinging Strike
0-2: Ball
1-2: Foul Ball, location: 2F
1-2: Strikes out looking
Batting: LHB Carlos Romero 0-0: Called Strike
0-1: Ball
1-1: Foul Ball, location: 2F
1-2: Strikes out swinging
Batting: LHB Juan Romero 0-0: Ball
1-0: Swinging Strike
1-1: Swinging Strike
1-2: Fly out, F8 (Flyball, 8RM)
Top of the 6th over - 0 run(s), 0 hit(s), 0 error(s), 1 left on base; Barry's Bay 0 - Minnesota 3
BOTTOM OF THE 6TH
Minnesota Death Stars batting - Pitching for Barry's Bay Orioles : RHP Ben Hepworth
Batting: RHB John Brown 0-0: Ball
1-0: Ball
2-0: Ball
3-0: Called Strike
3-1: SINGLE (Groundball, 4M)
Batting: RHB José Pérez 0-0: Ball
1-0: Foul Ball, location: 2F
1-1: Ball
2-1: SINGLE (Groundball, 4D)
John Brown to second
Runner from 2nd tries for 3rd, SAFE, throw made to third
José Pérez to second
Batting: RHB Peter Dixon 0-0: Ball
1-0: Ball
2-0: Ball
3-0: Base on Balls
Batting: LHB Chris Loudermilk 0-0: Foul Ball, location: 2F
0-1: Called Strike
0-2: Strikes out looking
Batting: RHB Herb Ashley 0-0: Ball
1-0: Fly out, F7 (Flyball, 7M)
Batting: RHB Jorge Martínez 0-0: Ball
1-0: Ground out 3-1 (Groundball, 34)
Bottom of the 6th over - 0 run(s), 2 hit(s), 0 error(s), 3 left on base; Barry's Bay 0 - Minnesota 3
TOP OF THE 7TH
Barry's Bay Orioles batting - Pitching for Minnesota Death Stars : RHP Ángel Uribe
Batting: LHB John White 0-0: Called Strike
0-1: Ball
1-1: Called Strike
1-2: Ball
2-2: Fly out, F8 (Flyball, 8RM)
Pitching: RHP Howard Jewel
Batting: LHB Javier Orozco 0-0: Foul Ball, location: 2F
0-1: Ball
1-1: Foul Ball, location: 2F
1-2: Strikes out looking
Batting: RHB Juan Méndez 0-0: SINGLE (Line Drive, 7S)
Batting: RHB Shaun Puckett 0-0: Called Strike
0-1: Ball
1-1: Swinging Strike
1-2: Foul Ball, location: 2F
1-2: Foul Ball, location: 2F
1-2: Strikes out swinging
Top of the 7th over - 0 run(s), 1 hit(s), 0 error(s), 1 left on base; Barry's Bay 0 - Minnesota 3
BOTTOM OF THE 7TH
Minnesota Death Stars batting - Pitching for Barry's Bay Orioles : RHP Ben Hepworth
Batting: LHB Sixto Cortés 0-0: Ball
1-0: Ball
2-0: Ball
3-0: Called Strike
3-1: Called Strike
3-2: Ground out U3 (Groundball, 3S)
Pitching: RHP Artie Hall
Batting: LHB Lucas Coleman 0-0: Foul Ball, location: 2F
0-1: Called Strike
0-2: Foul Ball, location: 2F
0-2: Foul Ball, location: 2F
0-2: Ball
1-2: Ball
2-2: Ball
3-2: Strikes out looking
Batting: RHB Leslie Penn 0-0: Called Strike
0-1: Ball
1-1: Ball
2-1: Ball
3-1: Base on Balls
Batting: RHB John Brown 0-0: Called Strike
0-1: Called Strike
0-2: Foul Ball, location: 2F
0-2: Strikes out looking
Bottom of the 7th over - 0 run(s), 0 hit(s), 0 error(s), 1 left on base; Barry's Bay 0 - Minnesota 3
TOP OF THE 8TH
Barry's Bay Orioles batting - Pitching for Minnesota Death Stars : RHP Howard Jewel
Batting: RHB Pedro Molina 0-0: Called Strike
0-1: Called Strike
0-2: Ball
1-2: Foul Ball, location: 2F
1-2: Ball
2-2: Strikes out swinging
Batting: RHB Tom Hughes 0-0: Ball
1-0: Ball
2-0: Ball
3-0: Base on Balls
Pitching: RHP Jeremias Pereirinha
Batting: SHB Walt Simmons 0-0: Called Strike
0-1: Foul Ball, location: 2F
0-2: Ball
1-2: Foul Ball, location: 2F
1-2: Grounds into double play, 4-6-3 (Groundball, 4)
Top of the 8th over - 0 run(s), 0 hit(s), 0 error(s), 0 left on base; Barry's Bay 0 - Minnesota 3
BOTTOM OF THE 8TH
Minnesota Death Stars batting - Pitching for Barry's Bay Orioles : RHP Artie Hall
Batting: RHB José Pérez 0-0: Fly out, F9 (Flyball, 89M)
Batting: RHB Peter Dixon 0-0: Called Strike
0-1: Fly out, F8 (Flyball, 8LS)
Batting: LHB Chris Loudermilk 0-0: Ball
1-0: Ball
2-0: Called Strike
2-1: Ball
3-1: Fly out, F8 (Flyball, 8LM)
Bottom of the 8th over - 0 run(s), 0 hit(s), 0 error(s), 0 left on base; Barry's Bay 0 - Minnesota 3
TOP OF THE 9TH
Barry's Bay Orioles batting - Pitching for Minnesota Death Stars : RHP Jeremias Pereirinha
Pitching: RHP Octávio López
Batting: LHB Carlos Romero 0-0: Called Strike
0-1: Swinging Strike
0-2: Ball
1-2: SOLO HOME RUN (Flyball, 9LD), Distance : 350 ft
Batting: LHB Juan Romero 0-0: Ball
1-0: Ball
2-0: Called Strike
2-1: Ball
3-1: Base on Balls
Pinch Hitting: LHB William Wolf 0-0: Ball
1-0: Called Strike
1-1: Foul Ball, location: 2F
1-2: Strikes out swinging
Batting: LHB Javier Orozco 0-0: Foul Ball, location: 2F
0-1: Ball
1-1: Foul Ball, location: 2F
1-2: Ball
2-2: Ball
3-2: Foul Ball, location: 2F
3-2: Foul Ball, location: 2F
3-2: SINGLE (Line Drive, 34D)
Juan Romero to second
Runner from 2nd tries for 3rd, SAFE, throw made to third
Javier Orozco to second
Pinch Hitting: LHB John Horton 0-0: Called Strike
0-1: Foul Ball, location: 2F
0-2: Fly out, F5 (Popup, 5SF)
Batting: RHB Shaun Puckett 0-0: Ball
1-0: Called Strike
1-1: Swinging Strike
1-2: Strikes out looking
Top of the 9th over - 1 run(s), 2 hit(s), 0 error(s), 2 left on base; Barry's Bay 1 - Minnesota 3
This league is powered by Out of the Park Baseball, the baseball management simulation game for PC, Mac and Linux
Saturday, April 9th, 2016 - OOTP Baseball 16.8 Build 38